 Dungeon Crawl Stone Soup version 0.29.0-4-gdea44cf6ec (webtiles) character file.

Game seed: 13009485748151117398

2925 qw the Cleaver (level 9, -2/54 HPs)
             Began as a Tengu Warper on Aug 28, 2022.
             Slain by Psyche
             ... wielding a +0 dagger of distortion
              (14 damage)
             ... on level 8 of the Dungeon.
             The game lasted 00:01:38 (10373 turns).

qw the Cleaver (Tengu Warper)                      Turns: 10373, Time: 00:01:39

Health: -2/54      AC:  0    Str: 15    XL:     9   Next: 79%
Magic:  13/13      EV: 25    Int: 14    God:
Gold:   485        SH:  0    Dex: 19    Spells: 12/12 levels left

rFire   . . .      SeeInvis .   (weapon currently unavailable)
rCold   . . .      Faith    .   (shield currently unavailable)
rNeg    . . .      Spirit   .   (body armour currently unavailable)
rPois   .          Reflect  .   (helmet currently unavailable)
rElec   .          Harm     .   (cloak currently unavailable)
rCorr   .          Rampage  .   (gloves currently unavailable)
Will    .....                   (boots unavailable)
Stlth   ++........              (no amulet)
HPRegen 0.18/turn               (ring currently unavailable)
MPRegen 0.13/turn               (ring currently unavailable)

@: bat-form, flying quickly and evasively, invisible, very quick
A: fast, flying, no casting, tiny, (beak), (talons 3), nimble flight
a: no special abilities


You were on level 8 of the Dungeon.
You were a bat.
You visited 2 branches of the dungeon, and saw 9 of its levels.
You also visited: Sewer and Ossuary.

You collected 485 gold pieces.


Innate Abilities, Weirdness & Mutations

You are a bat.
You are tiny and dextrous.
You move quickly.
You are flying.
Your equipment is almost entirely melded.
You are incapable of wielding weapons or throwing items.
You cannot cast spells.
((You have a beak for a mouth.))
((You have claws for feet.))
Your magical nature lets you fly swiftly and evasively.


   Skills:
 - Level 5.3 Fighting
 - Level 12.0 Axes
 - Level 1.0 Throwing
 - Level 4.0 Armour
 + Level 3.6 Dodging
 - Level 3.0 Shields
 - Level 2.0 Spellcasting
 - Level 2.4 Translocations


You had 12 spell levels left.
You didn't know any spells.
Your spell library contained the following spells:

 Spells                   Type           Power      Damage    Failure   Level
 Blink                    Tloc           16%        N/A       14%         2
 Gell's Gravitas          Tloc           8%         N/A       26%         3
 Lesser Beckoning         Tloc           8%         N/A       26%         3
 Teleport Other           Tloc           8%         N/A       26%         3
 Manifold Assault         Tloc           8%         N/A       94%         5

Inventory:

Hand Weapons
 h - a +3 morningstar of freezing
 Y - a +0 war axe (melded)
Missiles
 j - a boomerang (quivered)
Armour
 b - a +0 buckler (melded)
 d - a +2 cloak (melded)
 m - a +0 chain mail (melded)
Jewellery
 f - a ring of protection from fire (melded)
 g - a ring of protection from fire (melded)
Scrolls
 l - 2 scrolls of identify
Potions
 a - a potion of resistance
 e - 2 potions of mutation
 i - a potion of curing
 k - a potion of degeneration {unknown}
 o - a potion of invisibility {unknown}
 p - 3 potions of haste
 r - a potion of magic {unknown}
 s - a potion of might {unknown}
 t - a potion of cancellation {unknown}

Dungeon Overview and Level Annotations

Branches:
Dungeon (8/15)             Temple (1/1) D:5           Sewer (visited)
Ossuary (visited)
   Lair: D:8-11

Altars:
Ashenzari
Cheibriados
Dithmenos
Elyvilon
Fedhas
Gozag
Hepliaklqana
Kikubaaqudgha
Makhleb
Qazlal
Ru
Sif Muna
Trog
Uskayaw
Vehumet
Wu Jian
Xom
Yredelemnul
Zin
The Shining One

Annotations:
D:8 Psyche


Message History

The arc of chaos grounds out.
You hear a shout!
You hit something but do no damage. Something hits you.
Space warps horribly around you!
You hit something. Something misses you.
You hit something. Something hits you. Space warps around you.
You hit something. Something completely misses you.
An orc wizard comes into view. It is wielding a +0 dagger.
10351 ||| FLEEEEING.
You swing at nothing.
You swing at nothing.
You swing at nothing.
Something hits you. Space warps around you.
You closely miss something. Something barely misses you.
You miss something. Something barely misses you. x2
You miss something. Something hits you! Space warps around you.
You closely miss something. Something closely misses you.
You barely miss something.
You swing at nothing.
You hear a shout!
You hit something but do no damage. Something closely misses you.
You swing at nothing.
Something barely misses you.
You swing at nothing.
Psyche appears from thin air!
Reactivating autopickup.
Psyche closely misses you.
You hit Psyche.
Psyche is lightly wounded.
Psyche hits you with a +0 dagger of distortion.
Space warps horribly around you!
You die...

#.#######. . #..>...... #
#.######## # #.....# #.
############.#
#.####............#
#...#...#########.#
###..#.#.########.#
..............).b.#
###.)#.#.########@# #
#.#).)...[[.....#
###.##)#....<..##.#
..#.##.#...[...##.######
..#.##...................
..#.####.......##########
..#.# #.......#
..#.####.......#


You could see Psyche (unable to see you).

Vanquished Creatures
  A steam dragon (D:6)
  2 water moccasins
  A black bear (D:6)
  An ice beast (D:7)
  A sky beast (D:6)
  2 ogres
  2 centaurs (D:6)
  2 kobold brigands (D:7)
  2 bullfrogs
  A necrophage (D:6)
  5 water moccasin zombies (Ossuary)
  5 wights
  A howler monkey (D:6)
  7 jellies
  3 orc priests
  A gnoll bouda (D:5)
  7 hounds
  Natasha (thrice) (D:3)
  An iguana (D:5)
  3 orc wizards
  2 mummies (Ossuary)
  7 gnolls
  2 river rats (Sewer)
  12 adders
  2 white imps
  6 adder zombies (Ossuary)
  A worm (D:2)
  2 dart slugs
  13 orcs
  6 endoplasms
  10 giant cockroaches
  4 goblins
  2 hobgoblins
  6 jackals
  5 quokkas
  9 ball pythons
  7 bats
  5 frilled lizards
  3 gnoll zombies (Ossuary)
  A goblin zombie (D:4)
  3 hobgoblin zombies (Ossuary)
  4 kobolds
  5 kobold zombies (Ossuary)
  5 orc zombies (Ossuary)
  11 rats
  A rat zombie (D:4)
185 creatures vanquished.

Notes
Turn   | Place    | Note
-------+----------+-------------------------------------------
     0 | D:1      | qw the Tengu Warper began the quest for the Orb.
     0 | D:1      | Reached XP level 1. HP: 12/12 MP: 4/4
     0 | D:1      | 0 ||| qw: Version: 0.1-a-89-g26bdef1
     0 | D:1      | 0 ||| qw: Game counter: 787
     0 | D:1      | 0 ||| qw: Always use a shield: true
     0 | D:1      | 0 ||| qw: God list: Okawaru
     0 | D:1      | 0 ||| qw: Allow faded altars: false
     0 | D:1      | 0 ||| qw: Do Orc after D:15 true
     0 | D:1      | 0 ||| qw: Do second Lair branch before Depths: true
     0 | D:1      | 0 ||| qw: Lair rune preference: random
     0 | D:1      | 0 ||| qw: Plans: Normal
     0 | D:1      | 0 ||| PLANNING D:1-11
    26 | D:1      | 26 ||| DROPPING +0 club.
   253 | D:1      | Reached XP level 2. HP: 17/17 MP: 6/6
   284 | D:1      | Reached skill level 3 in Axes
   890 | D:1      | 890 ||| UPGRADING to +2 cloak.
   895 | D:1      | 895 ||| UPGRADING to +0 ring mail.
   905 | D:1      | 905 ||| DROPPING +0 leather armour.
   906 | D:1      | 906 ||| UPGRADING to ring of protection from fire.
   907 | D:1      | 907 ||| READING scroll labelled KEYWA BOUHARPH.
   908 | D:1      | 908 ||| READING 3 scrolls labelled TAC IBRU TUKHLYOGY.
   909 | D:1      | 909 ||| READING 2 scrolls of identify.
   909 | D:1      | 909 ||| IDENTIFYING brown potion
   910 | D:1      | 910 ||| DROPPING scroll of blinking.
   989 | D:2      | Reached XP level 3. HP: 21/21 MP: 7/7
  1067 | D:2      | Reached skill level 4 in Axes
  2005 | D:2      | 2005 ||| UPGRADING to +0 buckler.
  2010 | D:2      | 2010 ||| READING 2 scrolls of identify.
  2010 | D:2      | 2010 ||| IDENTIFYING fizzy orange potion
  2086 | D:3      | Found a faded altar of an unknown god.
  2174 | D:3      | 2174 ||| DROPPING +0 whip.
  2193 | D:3      | Reached skill level 1 in Shields
  2193 | D:3      | Reached XP level 4. HP: 22/26 MP: 8/8
  2318 | D:3      | 2318 ||| Stepping ~*~*~tactically~*~*~ (hiding).
  2358 | D:3      | Noticed Natasha
  2368 | D:3      | Killed Natasha
  2440 | D:3      | Noticed Natasha
  2441 | D:3      | 2441 ||| Stepping ~*~*~tactically~*~*~ (stealth).
  2443 | D:3      | 2443 ||| Stepping ~*~*~tactically~*~*~ (hiding).
  2444 | D:3      | 2444 ||| Stepping ~*~*~tactically~*~*~ (hiding).
  2453 | D:3      | Killed Natasha
  2454 | D:3      | Reached skill level 5 in Axes
  2454 | D:3      | Gained mutation: Your magical nature lets you fly swiftly
                  | and evasively. [Tengu growth]
  2454 | D:3      | Reached XP level 5. HP: 26/30 MP: 9/9
  2489 | D:3      | 2489 ||| Stepping ~*~*~tactically~*~*~ (stealth).
  2576 | D:3      | Noticed Natasha
  2586 | D:3      | Killed Natasha
  2819 | D:3      | Found a snail-covered altar of Cheibriados.
  3169 | D:3      | 3169 ||| UPGRADING to +0 scale mail.
  3179 | D:3      | 3179 ||| DROPPING +0 ring mail.
  3180 | D:3      | 3180 ||| READING scroll labelled GOLETU GOCU.
  3181 | D:3      | 3181 ||| READING scroll labelled LEUFYCKA ZOALU.
  3182 | D:3      | 3182 ||| READING scroll labelled VEVODU INENLOF.
  3185 | D:3      | 3185 ||| READING 4 scrolls of identify.
  3185 | D:3      | 3185 ||| IDENTIFYING ruby potion
  3186 | D:3      | 3186 ||| READING 3 scrolls of identify.
  3186 | D:3      | 3186 ||| IDENTIFYING smoky red potion
  3187 | D:3      | 3187 ||| READING 2 scrolls of identify.
  3187 | D:3      | 3187 ||| IDENTIFYING bubbling blue potion
  3188 | D:3      | 3188 ||| DROPPING potion of flight.
  3189 | D:3      | 3189 ||| DROPPING potion of attraction.
  3477 | D:3      | 3477 ||| Stepping randomly (stuck).
  3535 | D:4      | 3535 ||| PLANNING OSSUARY
  3686 | D:4      | Reached skill level 6 in Axes
  3847 | D:4      | Found a hazy altar of Hepliaklqana.
  3919 | D:4      | 3919 ||| Stepping ~*~*~tactically~*~*~ (stealth).
  3935 | D:4      | 3935 ||| Stepping ~*~*~tactically~*~*~ (stealth).
  4034 | D:4      | Found Kauvuch's Distillery.
  4091 | D:4      | Found a blossoming altar of Fedhas.
  4097 | D:4      | Found a sand-covered staircase.
  4098 | D:4      | 4098 ||| DROPPING +1 cloak.
  4099 | D:4      | 4099 ||| UPGRADING to +0 chain mail.
  4109 | D:4      | 4109 ||| DROPPING +0 scale mail.
  4110 | D:4      | 4110 ||| READING scroll labelled TIG ROYSKUM.
  4122 | Ossuary  | Entered an ossuary
  4141 | Ossuary  | Reached XP level 6. HP: 35/35 MP: 10/10
  4512 | Ossuary  | Reached skill level 7 in Axes
  4532 | Ossuary  | Reached XP level 7. HP: 39/40 MP: 11/11
  4579 | Ossuary  | Reached skill level 3 in Fighting
  4756 | Ossuary  | 4756 ||| READING scroll labelled BYMOIXT ILEHE.
  4764 | D:4      | 4764 ||| PLANNING D:1-11
  4877 | D:4      | 4877 ||| SWAPPING to +0 war axe.
  4878 | D:4      | 4878 ||| DROPPING +0 hand axe of freezing.
  4914 | D:3      | 4914 ||| READING 2 scrolls of teleportation.
  4949 | D:5      | Entered Level 5 of the Dungeon
  4950 | D:5      | 4950 ||| PLANNING SEWER
  4961 | D:5      | 4961 ||| STAIRDANCE
  5047 | D:5      | Found a staircase to the Ecumenical Temple.
  5048 | D:5      | 5048 ||| PLANNING TEMPLE
  5057 | Temple   | Entered the Ecumenical Temple
  5068 | Temple   | 5068 ||| PLANNING SEWER
  5150 | D:5      | 5150 ||| Stepping ~*~*~tactically~*~*~ (stealth).
  5154 | D:5      | 5154 ||| Stepping ~*~*~tactically~*~*~ (stealth).
  5156 | D:5      | 5156 ||| Stepping ~*~*~tactically~*~*~ (stealth).
  5262 | D:5      | 5262 ||| Stepping ~*~*~tactically~*~*~ (stealth).
  5263 | D:5      | 5263 ||| Stepping ~*~*~tactically~*~*~ (stealth).
  5264 | D:5      | 5264 ||| Stepping ~*~*~tactically~*~*~ (stealth).
  5265 | D:5      | 5265 ||| Stepping ~*~*~tactically~*~*~ (stealth).
  5301 | D:5      | 5301 ||| Stepping ~*~*~tactically~*~*~ (hiding).
  5356 | D:5      | 5356 ||| Stepping ~*~*~tactically~*~*~ (stealth).
  5397 | D:5      | Found a glowing drain.
  5398 | D:5      | 5398 ||| DRINKING 3 sapphire potions.
  5407 | Sewer    | Entered a sewer
  5445 | Sewer    | 5445 ||| Stepping ~*~*~tactically~*~*~ (stealth).
  5448 | Sewer    | 5448 ||| Stepping ~*~*~tactically~*~*~ (stealth).
  5536 | Sewer    | 5536 ||| Stepping ~*~*~tactically~*~*~ (stealth).
  5541 | Sewer    | 5541 ||| Stepping ~*~*~tactically~*~*~ (stealth).
  5542 | Sewer    | 5542 ||| Stepping ~*~*~tactically~*~*~ (stealth).
  5544 | Sewer    | 5544 ||| Stepping ~*~*~tactically~*~*~ (stealth).
  5545 | Sewer    | 5545 ||| Stepping ~*~*~tactically~*~*~ (stealth).
  5559 | Sewer    | 5559 ||| Stepping ~*~*~tactically~*~*~ (stealth).
  5567 | Sewer    | Reached skill level 8 in Axes
  5611 | Sewer    | Found a viscous altar of Jiyva.
  5637 | Sewer    | Reached skill level 3 in Armour
  5730 | Sewer    | 5730 ||| DRINKING 3 fizzy silvery potions.
  5744 | D:5      | 5744 ||| PLANNING D:1-11
  5772 | D:5      | 5772 ||| Stepping ~*~*~tactically~*~*~ (hiding).
  5777 | D:5      | 5777 ||| Stepping ~*~*~tactically~*~*~ (hiding).
  5786 | D:5      | HP: 7/41 [gnoll/+0 whip of electrocution[a gnoll bouda]
                  | (7)]
  5786 | D:5      | HP: 3/41 [gnoll/+0 whip of electrocution[a gnoll bouda]
                  | (4)]
  5787 | D:5      | 5787 ||| READING 2 scrolls of teleportation.
  5788 | D:5      | 5788 ||| DRINKING 3 potions of heal wounds.
  5790 | D:5      | Reached XP level 8. HP: 24/46 MP: 12/12
  6355 | D:5      | Reached skill level 9 in Axes
  6934 | D:5      | 6934 ||| READING scroll labelled LAD ZISME TAS.
  6935 | D:5      | 6935 ||| READING scroll labelled DUNEKLI DAJ.
  6936 | D:5      | 6936 ||| READING 2 scrolls of teleportation.
  6997 | D:6      | 6997 ||| Stepping ~*~*~tactically~*~*~ (hiding).
  7001 | D:6      | 7001 ||| Stepping ~*~*~tactically~*~*~ (hiding).
  7487 | D:6      | 7487 ||| Stepping ~*~*~tactically~*~*~ (hiding).
  7488 | D:6      | 7488 ||| Stepping ~*~*~tactically~*~*~ (hiding).
  7499 | D:6      | Reached skill level 10 in Axes
  7521 | D:6      | Reached skill level 3 in Shields
  7534 | D:6      | HP: 12/48 [gnoll/+2 spear of freezing (1)]
  7535 | D:6      | 7535 ||| READING scroll of teleportation.
  7536 | D:6      | 7536 ||| DRINKING 2 potions of heal wounds.
  7578 | D:6      | 7578 ||| FLEEEEING.
  7579 | D:6      | 7579 ||| FLEEEEING.
  7580 | D:6      | 7580 ||| FLEEEEING.
  7910 | D:6      | Reached XP level 9. HP: 46/53 MP: 13/13
  8006 | D:6      | 8006 ||| Stepping ~*~*~tactically~*~*~ (hiding).
  8088 | D:6      | 8088 ||| DRINKING 2 potions of curing.
  8088 | D:6      | 8088 ||| (to cure confusion)
  8096 | D:6      | Reached skill level 3 in Dodging
  8296 | D:6      | 8296 ||| UPGRADING to ring of protection from fire.
  8313 | D:7      | 8313 ||| STAIRDANCE
  8345 | D:7      | 8345 ||| STAIRDANCE
  8377 | D:7      | 8377 ||| STAIRDANCE
  8536 | D:7      | Reached skill level 11 in Axes
  8720 | D:7      | 8720 ||| Stepping ~*~*~tactically~*~*~ (stealth).
  8774 | D:7      | Found a burning altar of Makhleb.
  8806 | D:7      | Found a broken altar of Ashenzari.
  8865 | D:7      | 8865 ||| DRINKING 2 viscous golden potions.
  8908 | D:7      | 8908 ||| DRINKING 2 fuming puce potions.
  8938 | D:7      | 8938 ||| DRINKING 2 fizzy yellow potions.
  8947 | D:7      | 8947 ||| DROPPING potion of berserk rage.
  8948 | D:7      | 8948 ||| DROPPING potion of lignification.
  8949 | D:7      | 8949 ||| DROPPING potion of ambrosia.
  8950 | D:7      | 8950 ||| Stepping randomly (stuck).
  8951 | D:7      | 8951 ||| Stepping randomly (stuck).
  8952 | D:7      | 8952 ||| Stepping randomly (stuck).
  8953 | D:7      | 8953 ||| Stepping randomly (stuck).
  8954 | D:7      | 8954 ||| Stepping randomly (stuck).
  8955 | D:7      | 8955 ||| Stepping randomly (stuck).
  8956 | D:7      | 8956 ||| Stepping randomly (stuck).
  8957 | D:7      | 8957 ||| Stepping randomly (stuck).
  8958 | D:7      | 8958 ||| Stepping randomly (stuck).
  8959 | D:7      | 8959 ||| Stepping randomly (stuck).
  8960 | D:7      | 8960 ||| Stepping randomly (stuck).
  8961 | D:7      | 8961 ||| Stepping randomly (stuck).
  8962 | D:7      | 8962 ||| Stepping randomly (stuck).
  8963 | D:7      | 8963 ||| Stepping randomly (stuck).
  8964 | D:7      | 8964 ||| Stepping randomly (stuck).
  8965 | D:7      | 8965 ||| Stepping randomly (stuck).
  8966 | D:7      | 8966 ||| Stepping randomly (stuck).
  8967 | D:7      | 8967 ||| Stepping randomly (stuck).
  8968 | D:7      | 8968 ||| Stepping randomly (stuck).
  8969 | D:7      | 8969 ||| Stepping randomly (stuck).
  8970 | D:7      | 8970 ||| Stepping randomly (stuck).
  8971 | D:7      | 8971 ||| Stepping randomly (stuck).
  8972 | D:7      | 8972 ||| Stepping randomly (stuck).
  8973 | D:7      | 8973 ||| Stepping randomly (stuck).
  8974 | D:7      | 8974 ||| Stepping randomly (stuck).
  8975 | D:7      | 8975 ||| Stepping randomly (stuck).
  8976 | D:7      | 8976 ||| Stepping randomly (stuck).
  8977 | D:7      | 8977 ||| Stepping randomly (stuck).
  8978 | D:7      | 8978 ||| Stepping randomly (stuck).
  8979 | D:7      | 8979 ||| Stepping randomly (stuck).
  8980 | D:7      | 8980 ||| Stepping randomly (stuck).
  8981 | D:7      | 8981 ||| Stepping randomly (stuck).
  8982 | D:7      | 8982 ||| Stepping randomly (stuck).
  8983 | D:7      | 8983 ||| Stepping randomly (stuck).
  8984 | D:7      | 8984 ||| Stepping randomly (stuck).
  8985 | D:7      | 8985 ||| Stepping randomly (stuck).
  8986 | D:7      | 8986 ||| Stepping randomly (stuck).
  8987 | D:7      | 8987 ||| Stepping randomly (stuck).
  8988 | D:7      | 8988 ||| Stepping randomly (stuck).
  8989 | D:7      | 8989 ||| Stepping randomly (stuck).
  8990 | D:7      | 8990 ||| Stepping randomly (stuck).
  8991 | D:7      | 8991 ||| Stepping randomly (stuck).
  8992 | D:7      | 8992 ||| Stepping randomly (stuck).
  8993 | D:7      | 8993 ||| Stepping randomly (stuck).
  8994 | D:7      | 8994 ||| Stepping randomly (stuck).
  8995 | D:7      | 8995 ||| Stepping randomly (stuck).
  8996 | D:7      | 8996 ||| Stepping randomly (stuck).
  8997 | D:7      | 8997 ||| Stepping randomly (stuck).
  8998 | D:7      | 8998 ||| Stepping randomly (stuck).
  8999 | D:7      | 8999 ||| Stepping randomly (stuck).
  9000 | D:7      | 9000 ||| Stepping randomly (stuck).
  9001 | D:7      | 9001 ||| Stepping randomly (stuck).
  9002 | D:7      | 9002 ||| Stepping randomly (stuck).
  9003 | D:7      | 9003 ||| Stepping randomly (stuck).
  9004 | D:7      | 9004 ||| Stepping randomly (stuck).
  9005 | D:7      | 9005 ||| Stepping randomly (stuck).
  9006 | D:7      | 9006 ||| Stepping randomly (stuck).
  9007 | D:7      | 9007 ||| Stepping randomly (stuck).
  9008 | D:7      | 9008 ||| Stepping randomly (stuck).
  9009 | D:7      | 9009 ||| Stepping randomly (stuck).
  9010 | D:7      | 9010 ||| Stepping randomly (stuck).
  9011 | D:7      | 9011 ||| Stepping randomly (stuck).
  9012 | D:7      | 9012 ||| Stepping randomly (stuck).
  9013 | D:7      | 9013 ||| Stepping randomly (stuck).
  9014 | D:7      | 9014 ||| Stepping randomly (stuck).
  9015 | D:7      | 9015 ||| Stepping randomly (stuck).
  9016 | D:7      | 9016 ||| Stepping randomly (stuck).
  9017 | D:7      | 9017 ||| Stepping randomly (stuck).
  9018 | D:7      | 9018 ||| Stepping randomly (stuck).
  9019 | D:7      | 9019 ||| Stepping randomly (stuck).
  9020 | D:7      | 9020 ||| Stepping randomly (stuck).
  9021 | D:7      | 9021 ||| Stepping randomly (stuck).
  9022 | D:7      | 9022 ||| Stepping randomly (stuck).
  9023 | D:7      | 9023 ||| Stepping randomly (stuck).
  9024 | D:7      | 9024 ||| Stepping randomly (stuck).
  9025 | D:7      | 9025 ||| Stepping randomly (stuck).
  9026 | D:7      | 9026 ||| Stepping randomly (stuck).
  9027 | D:7      | 9027 ||| Stepping randomly (stuck).
  9028 | D:7      | 9028 ||| Stepping randomly (stuck).
  9029 | D:7      | 9029 ||| Stepping randomly (stuck).
  9030 | D:7      | 9030 ||| Stepping randomly (stuck).
  9031 | D:7      | 9031 ||| Stepping randomly (stuck).
  9032 | D:7      | 9032 ||| Stepping randomly (stuck).
  9033 | D:7      | 9033 ||| Stepping randomly (stuck).
  9034 | D:7      | 9034 ||| Stepping randomly (stuck).
  9035 | D:7      | 9035 ||| Stepping randomly (stuck).
  9036 | D:7      | 9036 ||| Stepping randomly (stuck).
  9037 | D:7      | 9037 ||| Stepping randomly (stuck).
  9038 | D:7      | 9038 ||| Stepping randomly (stuck).
  9039 | D:7      | 9039 ||| Stepping randomly (stuck).
  9040 | D:7      | 9040 ||| Stepping randomly (stuck).
  9041 | D:7      | 9041 ||| Stepping randomly (stuck).
  9042 | D:7      | 9042 ||| Stepping randomly (stuck).
  9043 | D:7      | 9043 ||| Stepping randomly (stuck).
  9044 | D:7      | 9044 ||| Stepping randomly (stuck).
  9045 | D:7      | 9045 ||| Stepping randomly (stuck).
  9046 | D:7      | 9046 ||| Stepping randomly (stuck).
  9047 | D:7      | 9047 ||| Stepping randomly (stuck).
  9048 | D:7      | 9048 ||| Stepping randomly (stuck).
  9049 | D:7      | 9049 ||| Stepping randomly (stuck).
  9050 | D:7      | 9050 ||| Stepping randomly (stuck).
  9051 | D:7      | 9051 ||| Stepping randomly (stuck).
  9052 | D:7      | 9052 ||| Stepping randomly (stuck).
  9053 | D:7      | 9053 ||| Stepping randomly (stuck).
  9054 | D:7      | 9054 ||| Stepping randomly (stuck).
  9055 | D:7      | 9055 ||| Stepping randomly (stuck).
  9056 | D:7      | 9056 ||| Stepping randomly (stuck).
  9057 | D:7      | 9057 ||| Stepping randomly (stuck).
  9058 | D:7      | 9058 ||| Stepping randomly (stuck).
  9059 | D:7      | 9059 ||| Stepping randomly (stuck).
  9061 | D:7      | 9061 ||| Stepping randomly (stuck).
  9062 | D:7      | 9062 ||| Stepping randomly (stuck).
  9063 | D:7      | 9063 ||| Stepping randomly (stuck).
  9065 | D:7      | 9065 ||| Stepping randomly (stuck).
  9066 | D:7      | 9066 ||| Stepping randomly (stuck).
  9067 | D:7      | 9067 ||| Stepping randomly (stuck).
  9068 | D:7      | 9068 ||| Stepping randomly (stuck).
  9069 | D:7      | 9069 ||| Stepping randomly (stuck).
  9070 | D:7      | 9070 ||| Stepping randomly (stuck).
  9071 | D:7      | 9071 ||| Stepping randomly (stuck).
  9072 | D:7      | 9072 ||| Stepping randomly (stuck).
  9073 | D:7      | 9073 ||| Stepping randomly (stuck).
  9074 | D:7      | 9074 ||| Stepping randomly (stuck).
  9075 | D:7      | 9075 ||| Stepping randomly (stuck).
  9076 | D:7      | 9076 ||| Stepping randomly (stuck).
  9077 | D:7      | 9077 ||| Stepping randomly (stuck).
  9078 | D:7      | 9078 ||| Stepping randomly (stuck).
  9079 | D:7      | 9079 ||| Stepping randomly (stuck).
  9080 | D:7      | 9080 ||| Stepping randomly (stuck).
  9081 | D:7      | 9081 ||| Stepping randomly (stuck).
  9082 | D:7      | 9082 ||| Stepping randomly (stuck).
  9083 | D:7      | 9083 ||| Stepping randomly (stuck).
  9084 | D:7      | 9084 ||| Stepping randomly (stuck).
  9085 | D:7      | 9085 ||| Stepping randomly (stuck).
  9086 | D:7      | 9086 ||| Stepping randomly (stuck).
  9087 | D:7      | 9087 ||| Stepping randomly (stuck).
  9088 | D:7      | 9088 ||| Stepping randomly (stuck).
  9089 | D:7      | 9089 ||| Stepping randomly (stuck).
  9090 | D:7      | 9090 ||| Stepping randomly (stuck).
  9091 | D:7      | 9091 ||| Stepping randomly (stuck).
  9092 | D:7      | 9092 ||| Stepping randomly (stuck).
  9093 | D:7      | 9093 ||| Stepping randomly (stuck).
  9094 | D:7      | 9094 ||| Stepping randomly (stuck).
  9095 | D:7      | 9095 ||| Stepping randomly (stuck).
  9096 | D:7      | 9096 ||| Stepping randomly (stuck).
  9097 | D:7      | 9097 ||| Stepping randomly (stuck).
  9098 | D:7      | 9098 ||| Stepping randomly (stuck).
  9099 | D:7      | 9099 ||| Stepping randomly (stuck).
  9100 | D:7      | 9100 ||| Stepping randomly (stuck).
  9101 | D:7      | 9101 ||| Stepping randomly (stuck).
  9102 | D:7      | 9102 ||| Stepping randomly (stuck).
  9103 | D:7      | 9103 ||| Stepping randomly (stuck).
  9104 | D:7      | 9104 ||| Stepping randomly (stuck).
  9105 | D:7      | 9105 ||| Stepping randomly (stuck).
  9106 | D:7      | 9106 ||| Stepping randomly (stuck).
  9107 | D:7      | 9107 ||| Stepping randomly (stuck).
  9108 | D:7      | 9108 ||| Stepping randomly (stuck).
  9109 | D:7      | 9109 ||| Stepping randomly (stuck).
  9110 | D:7      | 9110 ||| Stepping randomly (stuck).
  9111 | D:7      | 9111 ||| Stepping randomly (stuck).
  9112 | D:7      | 9112 ||| Stepping randomly (stuck).
  9113 | D:7      | 9113 ||| Stepping randomly (stuck).
  9114 | D:7      | 9114 ||| Stepping randomly (stuck).
  9115 | D:7      | 9115 ||| Stepping randomly (stuck).
  9116 | D:7      | 9116 ||| Stepping randomly (stuck).
  9117 | D:7      | 9117 ||| Stepping randomly (stuck).
  9118 | D:7      | 9118 ||| Stepping randomly (stuck).
  9119 | D:7      | 9119 ||| Stepping randomly (stuck).
  9120 | D:7      | 9120 ||| Stepping randomly (stuck).
  9121 | D:7      | 9121 ||| Stepping randomly (stuck).
  9122 | D:7      | 9122 ||| Stepping randomly (stuck).
  9123 | D:7      | 9123 ||| Stepping randomly (stuck).
  9124 | D:7      | 9124 ||| Stepping randomly (stuck).
  9125 | D:7      | 9125 ||| Stepping randomly (stuck).
  9126 | D:7      | 9126 ||| Stepping randomly (stuck).
  9127 | D:7      | 9127 ||| Stepping randomly (stuck).
  9128 | D:7      | 9128 ||| Stepping randomly (stuck).
  9129 | D:7      | 9129 ||| Stepping randomly (stuck).
  9130 | D:7      | 9130 ||| Stepping randomly (stuck).
  9131 | D:7      | 9131 ||| Stepping randomly (stuck).
  9132 | D:7      | 9132 ||| Stepping randomly (stuck).
  9133 | D:7      | 9133 ||| Stepping randomly (stuck).
  9134 | D:7      | 9134 ||| Stepping randomly (stuck).
  9135 | D:7      | 9135 ||| Stepping randomly (stuck).
  9136 | D:7      | 9136 ||| Stepping randomly (stuck).
  9137 | D:7      | 9137 ||| Stepping randomly (stuck).
  9138 | D:7      | 9138 ||| Stepping randomly (stuck).
  9139 | D:7      | 9139 ||| Stepping randomly (stuck).
  9140 | D:7      | 9140 ||| Stepping randomly (stuck).
  9141 | D:7      | 9141 ||| Stepping randomly (stuck).
  9142 | D:7      | 9142 ||| Stepping randomly (stuck).
  9143 | D:7      | 9143 ||| Stepping randomly (stuck).
  9144 | D:7      | 9144 ||| Stepping randomly (stuck).
  9145 | D:7      | 9145 ||| Stepping randomly (stuck).
  9146 | D:7      | 9146 ||| Stepping randomly (stuck).
  9147 | D:7      | 9147 ||| Stepping randomly (stuck).
  9148 | D:7      | 9148 ||| Stepping randomly (stuck).
  9149 | D:7      | 9149 ||| Stepping randomly (stuck).
  9150 | D:7      | 9150 ||| Stepping randomly (stuck).
  9151 | D:7      | 9151 ||| Stepping randomly (stuck).
  9152 | D:7      | 9152 ||| Stepping randomly (stuck).
  9153 | D:7      | 9153 ||| Stepping randomly (stuck).
  9154 | D:7      | 9154 ||| Stepping randomly (stuck).
  9155 | D:7      | 9155 ||| Stepping randomly (stuck).
  9156 | D:7      | 9156 ||| Stepping randomly (stuck).
  9157 | D:7      | 9157 ||| Stepping randomly (stuck).
  9158 | D:7      | 9158 ||| Stepping randomly (stuck).
  9159 | D:7      | 9159 ||| Stepping randomly (stuck).
  9160 | D:7      | 9160 ||| Stepping randomly (stuck).
  9161 | D:7      | 9161 ||| Stepping randomly (stuck).
  9162 | D:7      | 9162 ||| Stepping randomly (stuck).
  9163 | D:7      | 9163 ||| Stepping randomly (stuck).
  9164 | D:7      | 9164 ||| Stepping randomly (stuck).
  9165 | D:7      | 9165 ||| Stepping randomly (stuck).
  9166 | D:7      | 9166 ||| Stepping randomly (stuck).
  9167 | D:7      | 9167 ||| Stepping randomly (stuck).
  9168 | D:7      | 9168 ||| Stepping randomly (stuck).
  9169 | D:7      | 9169 ||| Stepping randomly (stuck).
  9170 | D:7      | 9170 ||| Stepping randomly (stuck).
  9171 | D:7      | 9171 ||| Stepping randomly (stuck).
  9172 | D:7      | 9172 ||| Stepping randomly (stuck).
  9173 | D:7      | 9173 ||| Stepping randomly (stuck).
  9174 | D:7      | 9174 ||| Stepping randomly (stuck).
  9175 | D:7      | 9175 ||| Stepping randomly (stuck).
  9176 | D:7      | 9176 ||| Stepping randomly (stuck).
  9177 | D:7      | 9177 ||| Stepping randomly (stuck).
  9178 | D:7      | 9178 ||| Stepping randomly (stuck).
  9179 | D:7      | 9179 ||| Stepping randomly (stuck).
  9180 | D:7      | 9180 ||| Stepping randomly (stuck).
  9181 | D:7      | 9181 ||| Stepping randomly (stuck).
  9182 | D:7      | 9182 ||| Stepping randomly (stuck).
  9183 | D:7      | 9183 ||| Stepping randomly (stuck).
  9184 | D:7      | 9184 ||| Stepping randomly (stuck).
  9185 | D:7      | 9185 ||| Stepping randomly (stuck).
  9186 | D:7      | 9186 ||| Stepping randomly (stuck).
  9187 | D:7      | 9187 ||| Stepping randomly (stuck).
  9188 | D:7      | 9188 ||| Stepping randomly (stuck).
  9189 | D:7      | 9189 ||| Stepping randomly (stuck).
  9190 | D:7      | 9190 ||| Stepping randomly (stuck).
  9191 | D:7      | 9191 ||| Stepping randomly (stuck).
  9192 | D:7      | 9192 ||| Stepping randomly (stuck).
  9193 | D:7      | 9193 ||| Stepping randomly (stuck).
  9194 | D:7      | 9194 ||| Stepping randomly (stuck).
  9195 | D:7      | 9195 ||| Stepping randomly (stuck).
  9196 | D:7      | 9196 ||| Stepping randomly (stuck).
  9197 | D:7      | 9197 ||| Stepping randomly (stuck).
  9198 | D:7      | 9198 ||| Stepping randomly (stuck).
  9199 | D:7      | 9199 ||| Stepping randomly (stuck).
  9200 | D:7      | 9200 ||| Stepping randomly (stuck).
  9201 | D:7      | 9201 ||| Stepping randomly (stuck).
  9202 | D:7      | 9202 ||| Stepping randomly (stuck).
  9203 | D:7      | 9203 ||| Stepping randomly (stuck).
  9204 | D:7      | 9204 ||| Stepping randomly (stuck).
  9205 | D:7      | 9205 ||| Stepping randomly (stuck).
  9206 | D:7      | 9206 ||| Stepping randomly (stuck).
  9207 | D:7      | 9207 ||| Stepping randomly (stuck).
  9208 | D:7      | 9208 ||| Stepping randomly (stuck).
  9209 | D:7      | 9209 ||| Stepping randomly (stuck).
  9210 | D:7      | 9210 ||| Stepping randomly (stuck).
  9211 | D:7      | 9211 ||| Stepping randomly (stuck).
  9212 | D:7      | 9212 ||| Stepping randomly (stuck).
  9213 | D:7      | 9213 ||| Stepping randomly (stuck).
  9214 | D:7      | 9214 ||| Stepping randomly (stuck).
  9215 | D:7      | 9215 ||| Stepping randomly (stuck).
  9216 | D:7      | 9216 ||| Stepping randomly (stuck).
  9217 | D:7      | 9217 ||| Stepping randomly (stuck).
  9218 | D:7      | 9218 ||| Stepping randomly (stuck).
  9219 | D:7      | 9219 ||| Stepping randomly (stuck).
  9220 | D:7      | 9220 ||| Stepping randomly (stuck).
  9221 | D:7      | 9221 ||| Stepping randomly (stuck).
  9222 | D:7      | 9222 ||| Stepping randomly (stuck).
  9223 | D:7      | 9223 ||| Stepping randomly (stuck).
  9224 | D:7      | 9224 ||| Stepping randomly (stuck).
  9225 | D:7      | 9225 ||| Stepping randomly (stuck).
  9226 | D:7      | 9226 ||| Stepping randomly (stuck).
  9227 | D:7      | 9227 ||| Stepping randomly (stuck).
  9228 | D:7      | 9228 ||| Stepping randomly (stuck).
  9229 | D:7      | 9229 ||| Stepping randomly (stuck).
  9230 | D:7      | 9230 ||| Stepping randomly (stuck).
  9231 | D:7      | 9231 ||| Stepping randomly (stuck).
  9232 | D:7      | 9232 ||| Stepping randomly (stuck).
  9233 | D:7      | 9233 ||| Stepping randomly (stuck).
  9234 | D:7      | 9234 ||| Stepping randomly (stuck).
  9235 | D:7      | 9235 ||| Stepping randomly (stuck).
  9236 | D:7      | 9236 ||| Stepping randomly (stuck).
  9237 | D:7      | 9237 ||| Stepping randomly (stuck).
  9238 | D:7      | 9238 ||| Stepping randomly (stuck).
  9239 | D:7      | 9239 ||| Stepping randomly (stuck).
  9240 | D:7      | 9240 ||| Stepping randomly (stuck).
  9241 | D:7      | 9241 ||| Stepping randomly (stuck).
  9242 | D:7      | 9242 ||| Stepping randomly (stuck).
  9243 | D:7      | 9243 ||| Stepping randomly (stuck).
  9244 | D:7      | 9244 ||| Stepping randomly (stuck).
  9245 | D:7      | 9245 ||| Stepping randomly (stuck).
  9246 | D:7      | 9246 ||| Stepping randomly (stuck).
  9247 | D:7      | 9247 ||| Stepping randomly (stuck).
  9248 | D:7      | 9248 ||| Stepping randomly (stuck).
  9249 | D:7      | 9249 ||| Stepping randomly (stuck).
  9250 | D:7      | 9250 ||| Stepping randomly (stuck).
  9251 | D:7      | 9251 ||| Stepping randomly (stuck).
  9252 | D:7      | 9252 ||| Stepping randomly (stuck).
  9253 | D:7      | 9253 ||| Stepping randomly (stuck).
  9254 | D:7      | 9254 ||| Stepping randomly (stuck).
  9255 | D:7      | 9255 ||| Stepping randomly (stuck).
  9256 | D:7      | 9256 ||| Stepping randomly (stuck).
  9257 | D:7      | 9257 ||| Stepping randomly (stuck).
  9258 | D:7      | 9258 ||| Stepping randomly (stuck).
  9259 | D:7      | 9259 ||| Stepping randomly (stuck).
  9260 | D:7      | 9260 ||| Stepping randomly (stuck).
  9261 | D:7      | 9261 ||| Stepping randomly (stuck).
  9262 | D:7      | 9262 ||| Stepping randomly (stuck).
  9263 | D:7      | 9263 ||| Stepping randomly (stuck).
  9264 | D:7      | 9264 ||| Stepping randomly (stuck).
  9265 | D:7      | 9265 ||| Stepping randomly (stuck).
  9266 | D:7      | 9266 ||| Stepping randomly (stuck).
  9267 | D:7      | 9267 ||| Stepping randomly (stuck).
  9268 | D:7      | 9268 ||| Stepping randomly (stuck).
  9269 | D:7      | 9269 ||| Stepping randomly (stuck).
  9270 | D:7      | 9270 ||| Stepping randomly (stuck).
  9271 | D:7      | 9271 ||| Stepping randomly (stuck).
  9272 | D:7      | 9272 ||| Stepping randomly (stuck).
  9273 | D:7      | 9273 ||| Stepping randomly (stuck).
  9275 | D:7      | 9275 ||| Stepping randomly (stuck).
  9276 | D:7      | 9276 ||| Stepping randomly (stuck).
  9277 | D:7      | 9277 ||| Stepping randomly (stuck).
  9278 | D:7      | 9278 ||| Stepping randomly (stuck).
  9279 | D:7      | 9279 ||| Stepping randomly (stuck).
  9280 | D:7      | 9280 ||| Stepping randomly (stuck).
  9281 | D:7      | 9281 ||| Stepping randomly (stuck).
  9282 | D:7      | 9282 ||| Stepping randomly (stuck).
  9283 | D:7      | 9283 ||| Stepping randomly (stuck).
  9284 | D:7      | 9284 ||| Stepping randomly (stuck).
  9285 | D:7      | 9285 ||| Stepping randomly (stuck).
  9286 | D:7      | 9286 ||| Stepping randomly (stuck).
  9287 | D:7      | 9287 ||| Stepping randomly (stuck).
  9288 | D:7      | 9288 ||| Stepping randomly (stuck).
  9289 | D:7      | 9289 ||| Stepping randomly (stuck).
  9290 | D:7      | 9290 ||| Stepping randomly (stuck).
  9291 | D:7      | 9291 ||| Stepping randomly (stuck).
  9292 | D:7      | 9292 ||| Stepping randomly (stuck).
  9293 | D:7      | 9293 ||| Stepping randomly (stuck).
  9294 | D:7      | 9294 ||| Stepping randomly (stuck).
  9295 | D:7      | 9295 ||| Stepping randomly (stuck).
  9296 | D:7      | 9296 ||| Stepping randomly (stuck).
  9297 | D:7      | 9297 ||| Stepping randomly (stuck).
  9298 | D:7      | 9298 ||| Stepping randomly (stuck).
  9299 | D:7      | 9299 ||| Stepping randomly (stuck).
  9300 | D:7      | 9300 ||| Stepping randomly (stuck).
  9301 | D:7      | 9301 ||| Stepping randomly (stuck).
  9302 | D:7      | 9302 ||| Stepping randomly (stuck).
  9303 | D:7      | 9303 ||| Stepping randomly (stuck).
  9304 | D:7      | 9304 ||| Stepping randomly (stuck).
  9305 | D:7      | 9305 ||| Stepping randomly (stuck).
  9306 | D:7      | 9306 ||| Stepping randomly (stuck).
  9307 | D:7      | 9307 ||| Stepping randomly (stuck).
  9308 | D:7      | 9308 ||| Stepping randomly (stuck).
  9309 | D:7      | 9309 ||| Stepping randomly (stuck).
  9310 | D:7      | 9310 ||| Stepping randomly (stuck).
  9311 | D:7      | 9311 ||| Stepping randomly (stuck).
  9312 | D:7      | 9312 ||| Stepping randomly (stuck).
  9313 | D:7      | 9313 ||| Stepping randomly (stuck).
  9314 | D:7      | 9314 ||| Stepping randomly (stuck).
  9315 | D:7      | 9315 ||| Stepping randomly (stuck).
  9316 | D:7      | 9316 ||| Stepping randomly (stuck).
  9317 | D:7      | 9317 ||| Stepping randomly (stuck).
  9318 | D:7      | 9318 ||| Stepping randomly (stuck).
  9320 | D:7      | 9320 ||| Stepping randomly (stuck).
  9321 | D:7      | 9321 ||| Stepping randomly (stuck).
  9322 | D:7      | 9322 ||| Stepping randomly (stuck).
  9323 | D:7      | 9323 ||| Stepping randomly (stuck).
  9324 | D:7      | 9324 ||| Stepping randomly (stuck).
  9326 | D:7      | 9326 ||| Stepping randomly (stuck).
  9328 | D:7      | 9328 ||| Stepping randomly (stuck).
  9330 | D:7      | 9330 ||| Stepping randomly (stuck).
  9332 | D:7      | 9332 ||| Stepping randomly (stuck).
  9334 | D:7      | 9334 ||| Stepping randomly (stuck).
  9335 | D:7      | 9335 ||| Stepping randomly (stuck).
  9336 | D:7      | 9336 ||| Stepping randomly (stuck).
  9338 | D:7      | 9338 ||| Stepping randomly (stuck).
  9339 | D:7      | 9339 ||| Stepping randomly (stuck).
  9340 | D:7      | 9340 ||| Stepping randomly (stuck).
  9341 | D:7      | 9341 ||| Stepping randomly (stuck).
  9342 | D:7      | 9342 ||| Stepping randomly (stuck).
  9343 | D:7      | 9343 ||| Stepping randomly (stuck).
  9344 | D:7      | 9344 ||| Stepping randomly (stuck).
  9345 | D:7      | 9345 ||| Stepping randomly (stuck).
  9346 | D:7      | 9346 ||| Stepping randomly (stuck).
  9348 | D:7      | 9348 ||| Stepping randomly (stuck).
  9349 | D:7      | 9349 ||| Stepping randomly (stuck).
  9350 | D:7      | 9350 ||| Stepping randomly (stuck).
  9351 | D:7      | 9351 ||| Stepping randomly (stuck).
  9352 | D:7      | 9352 ||| Stepping randomly (stuck).
  9353 | D:7      | 9353 ||| Stepping randomly (stuck).
  9354 | D:7      | 9354 ||| Stepping randomly (stuck).
  9355 | D:7      | 9355 ||| Stepping randomly (stuck).
  9356 | D:7      | 9356 ||| Stepping randomly (stuck).
  9357 | D:7      | 9357 ||| Stepping randomly (stuck).
  9358 | D:7      | 9358 ||| Stepping randomly (stuck).
  9359 | D:7      | 9359 ||| Stepping randomly (stuck).
  9360 | D:7      | 9360 ||| Stepping randomly (stuck).
  9361 | D:7      | 9361 ||| Stepping randomly (stuck).
  9362 | D:7      | 9362 ||| Stepping randomly (stuck).
  9363 | D:7      | 9363 ||| Stepping randomly (stuck).
  9364 | D:7      | 9364 ||| Stepping randomly (stuck).
  9365 | D:7      | 9365 ||| Stepping randomly (stuck).
  9366 | D:7      | 9366 ||| Stepping randomly (stuck).
  9367 | D:7      | 9367 ||| Stepping randomly (stuck).
  9368 | D:7      | 9368 ||| Stepping randomly (stuck).
  9369 | D:7      | 9369 ||| Stepping randomly (stuck).
  9370 | D:7      | 9370 ||| Stepping randomly (stuck).
  9371 | D:7      | 9371 ||| Stepping randomly (stuck).
  9372 | D:7      | 9372 ||| Stepping randomly (stuck).
  9373 | D:7      | 9373 ||| Stepping randomly (stuck).
  9374 | D:7      | 9374 ||| Stepping randomly (stuck).
  9375 | D:7      | 9375 ||| Stepping randomly (stuck).
  9376 | D:7      | 9376 ||| Stepping randomly (stuck).
  9377 | D:7      | 9377 ||| Stepping randomly (stuck).
  9378 | D:7      | 9378 ||| Stepping randomly (stuck).
  9379 | D:7      | 9379 ||| Stepping randomly (stuck).
  9380 | D:7      | 9380 ||| Stepping randomly (stuck).
  9381 | D:7      | 9381 ||| Stepping randomly (stuck).
  9382 | D:7      | 9382 ||| Stepping randomly (stuck).
  9383 | D:7      | 9383 ||| Stepping randomly (stuck).
  9384 | D:7      | 9384 ||| Stepping randomly (stuck).
  9787 | D:8      | 9787 ||| STAIRDANCE
  9801 | D:8      | HP: 12/51 [wight/+0 mace (4)]
  9802 | D:8      | 9802 ||| DRINKING potion of heal wounds.
  9808 | D:8      | 9808 ||| STAIRDANCE
 10172 | D:8      | 10172 ||| DROPPING +0 flail.
 10175 | D:8      | 10175 ||| Stepping ~*~*~tactically~*~*~ (stealth).
 10176 | D:8      | 10176 ||| Stepping ~*~*~tactically~*~*~ (stealth).
 10177 | D:8      | 10177 ||| Stepping ~*~*~tactically~*~*~ (hiding).
 10178 | D:8      | 10178 ||| Stepping ~*~*~tactically~*~*~ (hiding).
 10179 | D:8      | 10179 ||| Stepping ~*~*~tactically~*~*~ (hiding).
 10187 | D:8      | Reached skill level 12 in Axes
 10340 | D:8      | Noticed Psyche
 10351 | D:8      | 10351 ||| FLEEEEING.
 10373 | D:8      | HP: 12/54 [Psyche/+0 dagger of distortion (4)]
 10373 | D:8      | Slain by Psyche

Levels and vault maps discovered:
D:1:      psy_arrival_terrarium, layout_loops_ring
D:2:      layout_basic, nicolae_figureground_pulse
D:3:      layout_basic, nicolae_overflow_hidden_temple,
          ebering_ecumenical_altar_rust, chequers_serial_rivers_micro_e,
          grunt_decor_arrowhead, uniq_natasha
D:4:      layout_cave_pods, nzn_hepliaklqana_mist_gate,
          overflow_temple_1_default, enter_ossuary_4, serial_shops,
          nicolae_square_shop, minivault_24
D:5:      minmay_evil_eye, layout_basic, minmay_temple_entry_nine_rooms,
          portal_sewer_entry_f, amcnicky_mini_pool_medium
D:6:      layout_basic
D:7:      layout_basic, marbit_many_paths, nicolae_ashenzari_skybound
D:8:      layout_loops_ring, uniq_psyche
Temple:   minmay_freezing_vapour_temple

Skill      XL: |  1  2  3  4  5  6  7  8  9 |
---------------+----------------------------+-----
Axes           | 3 4 5 6 7 8 10 12 | 12.0
Shields        | 1 2 3 |  3.0
Armour         | 2 3 4 |  4.0
Fighting       | 3 4 5 |  5.3
Dodging        | 3 |  3.6
Throwing       | |  1.0
Spellcasting   | |  2.0
Translocations | |  2.4

Action                   |  1- 3 |  4- 6 |  7- 9 || total
-------------------------+-------+-------+-------++-------
Melee: Hand axe          |    39 |   148 |    35 ||   222
       Kick              |     8 |    51 |   107 ||   166
       Peck              |     6 |    27 |    60 ||    93
       War axe           |       |       |   301 ||   301
       Unarmed           |       |       |    12 ||    12
Throw: Boomerang         |    43 |    13 |    78 ||   134
  Use: Scroll            |     4 |     7 |     7 ||    18
       Potion            |       |       |     9 ||     9
Armor: Leather armour    |     7 |       |       ||     7
       Ring mail         |     3 |    15 |       ||    18
       Chain mail        |       |    32 |   166 ||   198
       Scale mail        |       |     1 |       ||     1
Dodge: Dodged            |    13 |    36 |   117 ||   166
Block: Buckler           |       |    19 |    83 ||   102

Table legend:
 A = Non-vault XP
 B = Vault XP
 C = Vault XP percentage of total XP
 D = Non-vault monster count
 E = Vault monster count
 F = Vault count percentage of total count
                 A         B        C        D         E       F
            +---------+---------+-------+---------+---------+-------
      Total |    3061 |    1118 |  26.8 |     113 |      72 |  38.9
            +---------+---------+-------+---------+---------+-------
        D:1 |      29 |       0 |   0.0 |      18 |       0 |   0.0
        D:2 |      41 |       0 |   0.0 |      11 |       0 |   0.0
        D:3 |     131 |      35 |  21.1 |      16 |       1 |   5.9
        D:4 |      19 |       2 |   9.5 |       3 |       2 |  40.0
        D:5 |     335 |     302 |  47.4 |      17 |      12 |  41.4
        D:6 |    1412 |       0 |   0.0 |      25 |       0 |   0.0
        D:7 |     585 |     100 |  14.6 |      13 |       1 |   7.1
        D:8 |     509 |       0 |   0.0 |      10 |       0 |   0.0
      Sewer |       0 |     202 | 100.0 |       0 |      27 | 100.0
    Ossuary |       0 |     477 | 100.0 |       0 |      29 | 100.0
            +---------+---------+-------+---------+---------+-------
